Map: Recolector del cielo

Players

MrFercho

  • Race: Terran Terran
  • Spawn Location: 6:00

tigro

  • Race: Terran Terran
  • Spawn Location: 9:00

IA (Élite) - Winner!

  • Race: Protoss Protoss
  • Spawn Location: 3:00

VOD

Have the link to the VOD?

Description

Time

  • Played on: Oct. 3, 2018, 11:04 p.m.
  • Length: 13:58
Show
View Real Time Build Order
Export as new Build Order

MrFercho Terran 

Build Orders:  

Get SALT Encoding   

  12  0:04  SCV  
  13  0:18  SCV  
  13  0:20  Supply Depot  
  14  0:31  Refinery  
  14  0:35  SCV  
  15  0:50  SCV  
  16  0:59  Supply Depot  
  16  1:02  SCV  
  17  1:14  SCV  
  18  1:26  Barracks  
  18  1:29  SCV  
  19  1:44  Barracks  
  19  1:46  SCV  
  20  1:58  SCV  
  21  2:10  SCV  
  22  2:22  SCV  
  23  2:31  Engineering Bay  
  23  2:32  Barracks Tech Lab  
  23  2:34  SCV  
  24  2:38  Barracks  
  24  2:41  Barracks  
  24  2:42  Barracks Tech Lab  
  24  2:49  Orbital Command  
  24  2:57  Engineering Bay  
  24  2:59  Supply Depot  
  24  3:11  Refinery  
  24  3:16  Terran Infantry Weapons Level 1  
  24  3:21  Supply Depot  
  24  3:43  Barracks Tech Lab  
  24  3:44  Barracks Tech Lab  
  24  3:46  Supply Depot  
  24  3:58  Factory  
  24  4:01  Factory  
  24  4:02  Marine x3  
  27  4:16  Reaper  
  28  4:20  Marine x3  
  32  4:38  Reaper  
  32  4:40  SCV  
  33  4:45  Factory Tech Lab x2  
  33  4:52  SCV  
  34  4:55  Starport  
  34  5:03  Marauder x2  
  34  5:04  Marauder, SCV  
  41  5:20  Armory  
  41  5:41  Command Center  
  41  6:11  Thor  
  41  6:16  Siege Tank  
  50  6:26  Refinery  
  50  6:57  SCV  
  50  7:01  Refinery  
  51  7:03  Command Center  
  51  7:04  Orbital Command  
  51  7:09  SCV  
  51  7:14  Refinery  
  52  7:21  SCV  
  53  7:33  SCV  
  53  7:37  Starport  
  54  7:40  Refinery  
  54  7:41  Terran Infantry Weapons Level 2  
  54  7:42  Terran Infantry Armor Level 1  
  54  7:45  SCV  
  55  7:59  SCV x2  
  57  8:11  SCV x2  
  59  8:15  Starport  
  59  8:23  SCV  
  59  8:24  SCV  
  61  8:34  Siege Tank x2  
  67  8:43  Starport Tech Lab x2  
  67  8:49  Marine  
  67  8:50  Marine x2  
  67  8:51  Marauder  
  72  9:06  Siege Tank  
  72  9:07  Marine x2  
  77  9:11  SCV  
  77  9:12  SCV  
  77  9:15  Orbital Command  
  79  9:23  SCV  
  79  9:24  SCV  
  81  9:42  Supply Depot  
  81  9:43  Terran Vehicle And Ship Armor Level 1  
  81  9:52  Armory  
  81  9:58  Cyclone  
  84  10:05  Supply Depot  
  77  10:12  Starport Tech Lab  
  77  10:13  Banshee  
  77  10:14  Banshee  
  48  10:27  Supply Depot  
  42  10:39  Marauder x3  
  42  10:40  Marauder  
  45  10:48  Hellbat  
  45  10:49  Supply Depot  
  47  10:56  Banshee x2  
  53  11:01  Marauder x4  
  58  11:22  Marauder x4  
  58  11:24  Banshee  
  63  11:39  Banshee x2  
  61  12:07  Banshee  
  46  12:22  Banshee x2  
  52  12:28  Marine x2  
  52  12:29  Marine x2  
  54  12:46  Marine x3  
  54  12:47  Marine  
  54  12:50  Banshee  
  61  13:04  Marine x4, Banshee  
  54  13:22  Marine x4  
  57  13:39  Marine  
  57  13:40  Marine x3  
Show
View Real Time Build Order
Export as new Build Order

tigro Terran 

Build Orders:  

Get SALT Encoding   

  12  0:08  SCV  
  13  0:20  SCV  
  14  0:26  Supply Depot  
  14  0:32  SCV  
  14  0:34  Refinery  
  15  0:57  Barracks  
  15  1:04  Engineering Bay  
  15  1:07  SCV  
  16  1:16  Refinery  
  16  1:19  SCV  
  17  1:31  SCV  
  18  2:07  Command Center  
  18  2:14  SCV  
  19  2:19  Barracks Tech Lab  
  19  2:26  SCV  
  20  2:35  Supply Depot  
  20  2:40  Terran Infantry Weapons Level 1  
  20  2:48  SCV  
  21  2:57  Marine  
  22  2:58  Supply Depot  
  22  3:00  SCV  
  23  3:15  Marine  
  24  3:23  Ghost Academy  
  24  3:31  Refinery  
  24  3:33  Marine, SCV  
  26  3:45  SCV  
  27  3:51  Marine  
  28  4:09  Marine  
  29  4:31  Missile Turret  
  29  4:34  Terran Infantry Armor Level 1  
  29  4:48  Refinery  
  29  4:50  SCV  
  30  5:01  Planetary Fortress  
  30  5:02  SCV  
  30  5:07  Missile Turret  
  31  5:14  SCV  
  32  5:26  SCV  
  33  5:38  Barracks, SCV  
  33  5:40  Factory  
  34  5:47  Personal Cloaking  
  34  6:09  SCV  
  35  6:16  Factory  
  35  6:21  SCV  
  36  6:28  Marauder, Hi-Sec Auto Tracking  
  38  6:43  Supply Depot  
  38  6:49  Marauder  
  40  6:59  Armory  
  40  7:11  Marauder  
  42  7:25  Factory Tech Lab, Neosteel Frame  
  42  7:26  Starport  
  42  7:28  Factory Tech Lab  
  42  7:30  Starport  
  42  7:32  Marauder  
  42  7:36  Barracks Tech Lab  
  44  7:48  Infernal Pre-Igniter  
  44  7:54  Marauder  
  44  7:55  Combat Shield  
  46  8:00  Marauder  
  48  8:21  Marauder  
  48  8:22  Missile Turret  
  50  8:43  Marauder  
  50  8:44  Neosteel Armor  
  52  8:51  Fusion Core  
  52  8:58  Starport Tech Lab  
  52  9:00  Starport Tech Lab  
  52  9:04  Marauder  
  52  9:07  Drilling Claws  
  54  9:11  Planetary Fortress  
  54  9:12  Missile Turret  
  54  9:25  Marauder  
  54  9:30  Terran Ship Weapons Level 1  
  56  9:34  Missile Turret  
  56  9:35  Stimpack  
  56  9:53  Missile Turret  
  56  9:56  Thor  
  62  10:23  Terran Infantry Armor Level 2  
  62  10:25  Smart Servos  
  62  10:29  Missile Turret  
  62  10:42  Missile Turret  
  43  11:15  Concussive Shells  
  43  11:25  Terran Vehicle Weapons Level 1  
  37  11:30  Marauder x2  
  33  11:48  Siege Tank  
  33  11:52  Marauder x2  
  32  12:13  Marauder x2  
  32  12:34  Marauder  
  30  12:42  Marauder  
  29  12:56  Marauder  
Show
View Real Time Build Order
Export as new Build Order

IA (Élite) Protoss - Winner!

Build Orders:  

Get SALT Encoding   

  12  0:01  Probe  
  13  0:13  Probe  
  14  0:20  Pylon  
  14  0:25  Probe  
  15  0:34  Probe  
  15  0:42  Probe  
  16  0:47  Assimilator  
  16  0:49  Gateway  
  17  0:51  Probe  
  18  0:58  Pylon  
  18  0:59  Probe  
  19  1:07  Probe  
  20  1:18  Probe  
  21  1:36  Zealot  
  21  1:37  Gateway  
  21  1:39  Probe  
  24  1:40  Cybernetics Core  
  24  1:51  Probe  
  24  1:53  Pylon  
  25  1:54  Zealot  
  25  2:04  Probe  
  28  2:14  Assimilator  
  28  2:16  Probe  
  28  2:18  Adept  
  31  2:25  Adept  
  31  2:28  Probe  
  34  2:31  Warp Gate  
  34  2:40  Probe  
  34  2:42  Adept, Pylon  
  37  2:52  Probe  
  38  3:00  Sentry  
  38  3:04  Probe  
  41  3:16  Probe  
  41  3:18  Nexus  
  42  3:25  Stalker  
  44  3:28  Probe  
  45  3:40  Probe  
  46  3:44  Robotics Facility  
  46  3:52  Probe  
  46  3:55  Pylon  
  47  4:13  Probe  
  48  4:19  Adept x2  
  52  4:25  Probe  
  52  4:29  Probe  
  54  4:32  Immortal  
  54  4:37  Probe  
  59  4:40  Stalker  
  59  4:41  Probe  
  62  4:48  Pylon  
  62  4:49  Probe  
  62  4:52  Stalker  
  65  4:53  Probe  
  66  5:01  Probe  
  66  5:05  Robotics Facility, Probe  
  68  5:09  Stalker, Probe  
  71  5:17  Probe  
  71  5:18  Immortal, Probe  
  76  5:26  Pylon  
  76  5:27  Probe  
  77  5:31  Gateway  
  78  5:40  Forge  
  78  5:44  Probe  
  78  5:45  Stalker  
  78  5:46  Pylon  
  78  5:48  Protoss Ground Armor Level 1, Stalker  
  83  6:00  Assimilator  
  83  6:06  Assimilator  
  83  6:08  Zealot  
  83  6:10  Forge  
  85  6:12  Pylon  
  85  6:18  Protoss Ground Weapons Level 1  
  85  6:22  Pylon, Probe  
  85  6:23  Nexus  
  85  6:24  Probe  
  87  6:34  Probe  
  87  6:37  Robotics Bay  
  88  6:52  Photon Cannon  
  88  6:55  Sentry, Pylon  
  90  7:02  Gateway  
  90  7:03  Observer  
  90  7:07  Zealot  
  93  7:17  Photon Cannon  
  93  7:18  Photon Cannon  
  93  7:26  Immortal, Colossus  
  103  7:31  Pylon  
  103  7:32  Probe  
  103  7:36  Probe x2  
  106  7:41  Probe  
  106  7:48  Probe  
  106  7:50  Probe x2  
  109  7:55  Colossus  
  109  7:58  Pylon  
  110  8:00  Probe  
  110  8:02  Protoss Shields Level 1  
  110  8:03  Probe  
  110  8:04  Probe  
  113  8:09  Colossus  
  113  8:12  Probe  
  120  8:15  Probe  
  120  8:16  Probe  
  120  8:19  Photon Cannon  
  122  8:21  Pylon  
  122  8:24  Probe  
  130  8:27  Probe  
  130  8:40  Assimilator  
  130  8:41  Photon Cannon  
  130  8:44  Photon Cannon  
  130  8:49  Disruptor  
  130  8:51  Pylon  
  130  8:53  Extended Thermal Lance  
  133  8:57  Assimilator  
  133  9:03  Probe x3  
  133  9:04  Observer  
  137  9:11  Pylon  
  137  9:13  Colossus  
  137  9:16  Photon Cannon  
  137  9:17  Probe  
  137  9:18  Disruptor  
  137  9:19  Probe  
  137  9:20  Gateway  
  139  9:24  Twilight Council, Nexus  
  139  9:25  Immortal  
  146  9:35  Robotics Facility  
  146  9:38  Stargate  
  146  9:39  Protoss Ground Weapons Level 2  
  146  9:44  Stalker  
  148  9:47  Photon Cannon  
  148  9:48  Stalker  
  148  9:50  Pylon, Observer  
  150  9:53  Stalker  
  150  9:57  Stalker  
  155  10:03  Warp Prism  
  157  10:07  Warp Prism  
  157  10:10  Zealot  
  157  10:11  Adept  
  153  10:14  Blink, Zealot  
  153  10:17  Zealot  
  153  10:20  Colossus  
  157  10:25  Photon Cannon  
  157  10:27  Gateway  
  157  10:33  Gravitic Boosters  
  163  10:37  Pylon  
  163  10:43  Pylon  
  163  10:47  Disruptor, Zealot  
  166  10:50  Adept  
  166  10:52  Disruptor  
  166  10:55  Adept  
  173  11:02  Nexus  
  173  11:07  Photon Cannon  
  173  11:09  Immortal  
  173  11:10  Pylon  
  173  11:12  Colossus  
  171  11:27  Colossus  
  171  11:30  Gravitic Drive  
  171  11:31  Photon Cannon  
  171  11:35  Photon Cannon  
  171  11:43  Observer  
  171  11:45  Zealot  
  170  11:48  Assimilator  
  170  11:54  Assimilator  
  170  11:59  Zealot  
  170  12:01  Observer  
  168  12:04  Stalker  
  168  12:05  Adept  
  168  12:07  Immortal  
  169  12:12  Sentry, Zealot  
  169  12:15  Colossus  
  173  12:21  Immortal  
  183  12:29  Stalker  
  181  12:31  Stalker  
  181  12:32  Assimilator  
  181  12:34  Pylon  
  181  12:36  Immortal  
  183  12:39  Templar Archives, Nexus  
  187  12:55  Photon Cannon  
  187  12:57  Stalker, Pylon  
  189  12:59  Stalker  
  189  13:01  Stalker  
  189  13:04  Stalker  
  195  13:11  Phoenix  
  195  13:16  High Templar  
  195  13:17  High Templar  
  191  13:21  Photon Cannon  
  191  13:24  High Templar, Archon  
  191  13:25  Stalker  
  185  13:28  Stalker  
  185  13:30  Zealot  
  181  13:45  Stalker  
  181  13:48  Sentry  
  181  13:49  Stalker  
  181  13:50  Sentry  
  181  13:51  Stalker, Zealot  
Tags
 
Add a new tag
Caveats
  • Supply blocks, unpowered buildings, or Contaminate may cause inaccurate times.
  • Supply counts are checked every 10 seconds.